Map: White Rabbit LE

Players

HoldTheDoor - Winner!

  • Race: Protoss Protoss
  • League: Diamond
  • Spawn Location: 1:00

Jjewel

  • Race: Protoss Protoss
  • League: Diamond
  • Spawn Location: 7:00

VOD

Have the link to the VOD?

Description

Time

  • Played on: May 6, 2026, 10:57 a.m.
  • Length: 4:39
Show
View Real Time Build Order
Export as new Build Order

HoldTheDoor Protoss - Winner!

Build Orders:  

Get SALT Encoding   

  12  0:00  Probe  
  13  0:12  Probe  
  14  0:17  Pylon  
  14  0:23  Probe  
  15  0:31  Probe  
  16  0:38  Gateway  
  16  0:39  Probe  
  16  0:47  Assimilator  
  17  0:50  Probe  
  18  1:01  Assimilator  
  18  1:03  Probe  
  19  1:10  Gateway  
  19  1:21  Probe  
  20  1:28  Cybernetics Core  
  20  1:33  Probe  
  20  1:34  Pylon  
  21  1:45  Probe  
  22  1:58  Probe  
  23  2:01  Stalker  
  23  2:02  Stalker  
  23  2:06  Warp Gate  
  27  2:10  Probe  
  27  2:14  Pylon  
  28  2:22  Pylon  
  28  2:27  Probe  
  29  2:39  Probe  
  30  2:49  Stalker  
  30  2:51  Probe, Sentry  
  35  3:05  Shield Battery  
  35  3:07  Stargate  
  35  3:18  Pylon  
  35  3:29  Pylon  
  31  3:53  Void Ray  
  31  3:57  Stalker  
  31  3:58  Stalker  
  39  4:05  Probe  
  40  4:23  Shield Battery  
  40  4:25  Nexus  
Show
View Real Time Build Order
Export as new Build Order

Jjewel Protoss 

Build Orders:  

Get SALT Encoding   

  12  0:00  Probe  
  13  0:12  Probe  
  14  0:22  Pylon  
  14  0:24  Probe  
  15  0:36  Probe  
  15  0:41  Gateway  
  16  0:44  Probe  
  17  0:52  Assimilator  
  17  0:55  Probe  
  18  0:59  Assimilator  
  18  1:07  Probe  
  19  1:19  Probe  
  19  1:20  Gateway  
  20  1:30  Cybernetics Core  
  20  1:34  Pylon  
  20  1:35  Probe  
  21  1:47  Probe  
  22  1:56  Gateway  
  22  1:59  Probe  
  23  2:07  Stalker  
  23  2:09  Stalker  
  23  2:11  Robotics Facility  
  27  2:23  Warp Gate  
  27  2:33  Stalker  
  27  2:42  Stalker  
  27  2:43  Pylon  
  32  3:06  Probe  
  31  3:34  Stalker  
  31  3:36  Stalker  
  31  3:44  Pylon  
  28  4:02  Stalker  
  34  4:12  Probe  
Tags
 
Matchup
PvP
Replay Pack
SC2Mai2026
Spawn Locations
Cross Positions
Add a new tag
Caveats
  • Supply blocks, unpowered buildings, or Contaminate may cause inaccurate times.
  • Supply counts are checked every 10 seconds.